 Dungeon Crawl Stone Soup version 0.30.1-11-g7821555f0a (webtiles) character file.

Game seed: 14395008744797404000

1922 Kallu the Basher (level 9, -2/66 HPs)
             Began as a Barachi Fighter on Jan 7, 2024.
             Slain by an ice beast (8 damage)
             ... on level 7 of the Dungeon.
             The game lasted 00:10:29 (6029 turns).

Kallu the Basher (Barachi Fighter)                  Turns: 6029, Time: 00:10:30

Health: -2/66      AC: 10    Str: 21    XL:     9   Next: 17%
Magic:  9/9        EV:  9    Int:  8    God:
Gold:   319        SH:  4    Dex: 13    Spells: 8/8 levels left

rFire   . . .        a - +0 flail
rCold   . . .        c - +0 buckler
rNeg    . . .        b - +0 scale mail
rPois   +            q - +0 helmet
rElec   .            C - +0 cloak
rCorr   .            (no gloves)
SInv    .            g - +0 pair of boots
Will    +....        (no amulet) Stlth
                     l - ring of poison resistance
HPRegen 0.31/turn    F - ring of willpower
MPRegen 0.11/turn

%: no passive effects
@: studying Polearms, slow
A: amphibious, slowness 1, strong legs 1, +LOS
a: Hop


You were on level 7 of the Dungeon.
You visited 2 branches of the dungeon, and saw 8 of its levels.

You collected 319 gold pieces.

Inventory:

Hand Weapons
 a - a +0 flail (weapon)
 p - a +1 mace of draining
Missiles
 r - 12 boomerangs
 y - 16 poisoned darts
 A - 5 javelins
Armour
 b - a +0 scale mail (worn)
 c - a +0 buckler (worn)
 g - a +0 pair of boots (worn)
 q - a +0 helmet (worn)
 C - a +0 cloak (worn)
Jewellery
 k - a ring of flight
 l - a ring of poison resistance (left hand)
 F - a ring of willpower (right hand)
Wands
 o - a wand of digging (5)
 u - a wand of quicksilver (3)
 G - a wand of flame (23)
 I - a wand of iceblast (6)
Scrolls
 f - 3 scrolls of teleportation
 h - 2 scrolls of immolation {unknown}
 m - 4 scrolls of brand weapon {unknown}
 n - a scroll of torment
 x - 6 scrolls of fear
 B - a scroll of vulnerability {unknown}
 D - a scroll of blinking {unknown}
Potions
 d - a potion of might
 e - 2 potions of mutation {unknown}
 i - 4 potions of curing
 j - a potion of attraction
 s - a potion of ambrosia {unknown}
 t - a potion of resistance {unknown}
 v - 2 potions of heal wounds
 w - a potion of cancellation {unknown}
 z - a potion of haste {unknown}
 E - a potion of degeneration {unknown}
 H - a potion of lignification {unknown}


   Skills:
 - Level 4.6 Fighting
 * Level 12.5 Maces & Flails
 - Level 3.6 Armour
 - Level 3.2 Shields


You had 8 spell levels left.
You didn't know any spells.
Your spell library contained the following spells:

 Spells                   Type           Power      Damage    Failure   Level
 Sting                    Tmut/Pois      0%         1d3       82%         1
 Cigotuvi's Dreadful Rot  Necr/Pois/Air  0%         N/A       91%         2
 Poisonous Vapours        Pois/Air       0%         N/A       91%         2
 Scorch                   Fire           0%         2d5       91%         2
 Dispel Undead            Necr           0%         3d6       100%        4
 Flame Wave               Conj/Fire      0%         2d4       100%        4
 Olgreb's Toxic Radiance  Pois           0%         N/A       100%        4
 Death Channel            Necr           0%         N/A       100%        6
 Summon Cactus Giant      Summ           0%         N/A       100%        6


Dungeon Overview and Level Annotations

Branches:
Dungeon (7/15)             Temple (1/1) D:4

Altars:
Ashenzari
Cheibriados
Dithmenos
Elyvilon
Fedhas
Gozag
Kikubaaqudgha
Makhleb
Okawaru
Qazlal
Ru
Sif Muna
Trog
Uskayaw
Vehumet
Xom
Yredelemnul
The Shining One

Annotations:
D:5 3 runed translucent doors, mihai's ghost, novice DECj


Innate Abilities, Weirdness & Mutations

You are amphibious.
You cover ground slowly.
You can hop short distances.
You have an extended range of vision and can be seen from far away.


Message History

Aim: a killer bee (almost dead, 43% to hit)
The bolt of dispelling energy misses the killer bee.
The bolt of dispelling energy hits the ice beast!
The ice beast is heavily wounded.
You block the killer bee's attack. The killer bee barely misses you.
Aiming: Quicksilver Bolt
Press: ? - help, Shift-Dir - straight line, f/p - killer bee
Aim: a killer bee (almost dead, 43% to hit)
The bolt of dispelling energy misses the killer bee.
The bolt of dispelling energy misses the ice beast.
The killer bee completely misses you. You block the killer bee's attack.
Aiming: Quicksilver Bolt
Press: ? - help, Shift-Dir - straight line, f/p - killer bee
Aim: a killer bee (almost dead, 43% to hit)
The bolt of dispelling energy misses the killer bee.
The bolt of dispelling energy misses the ice beast.
The killer bee stings you.
* * * LOW HITPOINT WARNING * * *
You block the killer bee's attack.
Aiming: Quicksilver Bolt
Press: ? - help, Shift-Dir - straight line, f/p - killer bee
Aim: a killer bee (almost dead, 43% to hit)
The bolt of dispelling energy hits the killer bee!
You kill the killer bee!
The bolt of dispelling energy hits the ice beast!
The ice beast is almost dead.
Aiming: Throw Flame
Press: ? - help, Shift-Dir - straight line, f - ice beast
Aim: an ice beast (almost dead, 68% to hit)
The puff of flame misses the ice beast.
The ice beast hits you.
* * * LOW HITPOINT WARNING * * *
The ice beast freezes you.
* * * LOW HITPOINT WARNING * * *
Aiming: Throw Flame
Press: ? - help, Shift-Dir - straight line, f/p - ice beast
Aim: an ice beast (almost dead, 68% to hit)
The puff of flame misses the ice beast.
The ice beast hits you.
* * * LOW HITPOINT WARNING * * *
The ice beast freezes you!
You die...

#.# ############. #.# #.
#.# #. #.# #. #.# #. #.#
#. #.# #.
#.#######.##############.
#....††Y@................
#########.##############.
#.# #. #.# #. #.# #. #.#
#. #.# ## #.. ###


You could see an ice beast.

Vanquished Creatures
  Menkaure (D:5)
  A water moccasin (D:7)
  An orc warrior (D:7)
  A black bear (D:4)
  2 phantoms
  A kobold brigand (D:5)
  3 scorpions
  2 wights (D:7)
  6 killer bees (D:7)
  4 orc priests
  2 hounds (D:4)
  A gnoll bouda (D:5)
  An iguana (D:6)
  9 orc wizards
  Robin (D:2)
  8 gnolls
  5 adders
  An ufetubus (D:5)
  A worm (D:2)
  2 dart slugs
  31 orcs
  8 endoplasms
  3 giant cockroaches (D:1)
  12 goblins
  11 hobgoblins
  2 jackals (D:5)
  27 kobolds
  A quokka (D:4)
  6 ball pythons
  9 bats
  5 frilled lizards
  5 rats
173 creatures vanquished.

Notes
Turn   | Place    | Note
-------+----------+-------------------------------------------
     0 | D:1      | Kallu the Barachi Fighter began the quest for the Orb.
     0 | D:1      | Reached XP level 1. HP: 18/18 MP: 1/1
   155 | D:1      | Reached XP level 2. HP: 13/25 MP: 2/2
   236 | D:1      | Reached skill level 3 in Maces & Flails
   360 | D:1      | Reached XP level 3. HP: 30/30 MP: 3/3
   911 | D:2      | Reached skill level 4 in Maces & Flails
   911 | D:2      | Reached XP level 4. HP: 27/38 MP: 4/4
   995 | D:2      | Noticed Robin
  1004 | D:2      | Killed Robin
  1453 | D:2      | Reached XP level 5. HP: 21/42 MP: 5/5
  1578 | D:3      | Reached skill level 5 in Maces & Flails
  2050 | D:3      | Found a bloodstained altar of Trog.
  2052 | D:3      | Found a burning altar of Makhleb.
  2079 | D:4      | Noticed a black bear
  2092 | D:4      | Killed a black bear
  2093 | D:4      | Reached skill level 6 in Maces & Flails
  2093 | D:4      | Reached XP level 6. HP: 36/49 MP: 6/6
  2327 | D:4      | Found a staircase to the Ecumenical Temple.
  2341 | Temple   | Entered the Ecumenical Temple
  2584 | D:4      | Reached skill level 7 in Maces & Flails
  2652 | D:5      | Entered Level 5 of the Dungeon
  2700 | D:5      | Reached XP level 7. HP: 36/55 MP: 7/7
  2951 | D:5      | Reached skill level 8 in Maces & Flails
  3163 | D:4      | Reached skill level 9 in Maces & Flails
  3298 | D:5      | Noticed Menkaure
  3478 | D:5      | Found a radiant altar of Vehumet.
  3554 | D:5      | Found a runed translucent gate.
  3556 | D:5      | Found a runed translucent gate.
  3556 | D:5      | Noticed mihai's ghost (novice DECj)
  3557 | D:5      | Found a runed translucent gate.
  3632 | D:5      | Killed Menkaure
  3633 | D:5      | Reached XP level 8. HP: 21/61 MP: 8/8
  4225 | D:6      | Reached skill level 10 in Maces & Flails
  5416 | D:7      | Reached skill level 11 in Maces & Flails
  5535 | D:7      | HP: 2/53 [wight/+0 spear (3)]
  5849 | D:7      | Found a hide-covered altar of Uskayaw.
  6005 | D:7      | Reached skill level 12 in Maces & Flails
  6005 | D:7      | Reached XP level 9. HP: 40/66 MP: 9/9
  6029 | D:7      | Slain by an ice beast

Illustrated notes

Levels and vault maps discovered:
D:1:      dpeg_arrival_stone_temple_mockup, layout_loops_ring,
          minmay_pentomino_r4
D:2:      layout_rooms, uniq_robin
D:3:      layout_rooms, minitemple
D:4:      layout_basic, temple_statues
D:5:      kennysheep_kobold_camp, layout_rooms,
          mainiacjoe_overflow_tiny_flanked, gammafunk_ghost_necromancy,
          kennysheep_another_room, uniq_menkaure
D:6:      layout_cave_pods, hangedman_decor_peaks_small
D:7:      layout_basic, mainiacjoe_overflow_brackets,
          nicolae_uskayaw_murder_on_the_dancefloor
Temple:   nicolae_temple_bog_church

Skill      XL: |  1  2  3  4  5  6  7  8 |
---------------+-------------------------+-----
Fighting       | 4 |  4.6
Maces & Flails | 3 4 6 7 9 12 | 12.5
Armour         | |  3.6
Shields        | |  3.2

Action                     |  1- 3 |  4- 6 |  7- 9 || total
---------------------------+-------+-------+-------++-------
  Melee: Flail             |   120 |    41 |    43 ||   204
         Mace              |       |   116 |   286 ||   402
Ability: Hop               |       |       |     3 ||     3
  Evoke: Wand              |       |       |    10 ||    10
    Use: Potion            |       |       |     4 ||     4
         Scroll            |       |       |     7 ||     7
 Armour: Scale mail        |    83 |    96 |   158 ||   337
  Dodge: Dodged            |    86 |    78 |   154 ||   318
  Block: Buckler           |    39 |    38 |    69 ||   146
